2978 views
Uploaded 2020-02-01 17:09:19
Game version 1.32 / 1.32.1
23:02 long 3on3 ladder game on (6)TimbermawHold
Saved by BEARAND
2978 views
Uploaded 2020-02-01 17:09:19
Game version 1.32 / 1.32.1
23:02 long 3on3 ladder game on (6)TimbermawHold


55 units @ 4.1k
/ 0k
203 buildings @ 12.4k
/ 6.8k

| Healing Salve | 4 | 400 |
| Lesser Clarity Potion | 4 | 280 |
| Orb of Lightning | 1 | 375 |
| Potion of Healing | 1 | 150 |
| Boots of Speed | 1 | 250 |
| Staff of Teleportation | 1 | 150 |
| total: | 12 | 1605g |
| Peon | 13 | 975 | / | 0 |
| total: | 13 | 975g | / | 0w |
| Watch Tower | 16 | 1760 | / | 1280 |
| Altar of Storms | 2 | 360 | / | 100 |
| Orc Burrow | 4 | 640 | / | 160 |
| War Mill | 1 | 205 | / | 0 |
| Voodoo Lounge | 3 | 390 | / | 90 |
| Great Hall | 1 | 385 | / | 185 |
| Beastiary | 2 | 290 | / | 280 |
| Stronghold | 1 | 315 | / | 190 |
| Fortress | 1 | 325 | / | 190 |
| total: | 29 | 4030g | / | 2095w |
| 0:00 | Peon |
| 0:03 | Altar of Storms |
| 0:03 | Altar of Storms |
| 0:07 | Peon |
| 0:16 | Orc Burrow |
| 0:18 | Peon |
| 0:37 | War Mill |
| 0:46 | Peon |
| 0:58 | Peon |
| 1:20 | Peon |
| 1:33 | Peon |
| 1:38 | Voodoo Lounge |
| 1:41 | Voodoo Lounge |
| 1:53 | Voodoo Lounge |
| 1:54 | Peon |
| 2:02 | Peon |
| 2:06 | Wind Walk |
| 2:09 | Peon |
| 2:33 | Peon |
| 2:35 | Orc Burrow |
| 4:03 | Watch Tower |
| 4:05 | Watch Tower |
| 4:10 | Peon |
| 4:11 | Peon |
| 4:12 | Stronghold |
| 4:37 | Healing Salve |
| 4:37 | Healing Salve |
| 4:37 | Lesser Clarity Potion |
| 4:37 | Lesser Clarity Potion |
| 5:39 | Watch Tower |
| 5:42 | Watch Tower |
| 5:47 | Boots of Speed |
| 5:48 | Staff of Teleportation |
| 6:44 | Watch Tower |
| 6:49 | Watch Tower |
| 6:59 | Critical Strike |
| 7:33 | Fortress |
| 7:54 | Watch Tower |
| 8:14 | Watch Tower |
| 8:25 | Reinforced Defenses |
| 8:48 | Lesser Clarity Potion |
| 9:06 | Watch Tower |
| 9:39 | Watch Tower |
| 9:42 | Spiked Barricades |
| 9:46 | Beastiary |
| 9:47 | Beastiary |
| 10:12 | Watch Tower |
| 10:23 | Orb of Lightning |
| 11:00 | Watch Tower |
| 11:14 | Wind Walk |
| 12:23 | Watch Tower |
| 12:28 | Watch Tower |
| 12:31 | Healing Salve |
| 12:40 | Orc Burrow |
| 12:41 | Orc Burrow |
| 12:45 | Steel Armor |
| 13:28 | Watch Tower |
| 15:16 | Critical Strike |
| 17:31 | Potion of Healing |
| 17:34 | Lesser Clarity Potion |
| 17:35 | Healing Salve |
| 18:00 | Wind Walk |
| 19:14 | Watch Tower |
| 22:16 | Bladestorm |
| 22:38 | Great Hall |
| Right click | 1378 |
| Assign group | 359 |
| Select | 213 |
| Build/train/purchase | 92 |
| Select group | 68 |
| Use ability | 20 |
| Minimap ping | 6 |
| Resource trade | 5 |
| Item give/drop | 2 |
| Remove unit | 2 |
| Esc | 1 |



| Staff of Sanctuary | 3 | 750 |
| Boots of Speed | 3 | 750 |
| Staff of Teleportation | 2 | 300 |
| Healing Salve | 1 | 100 |
| Orb of Lightning | 2 | 750 |
| Tiny Great Hall | 1 | 600 |
| total: | 12 | 3250g |
| Peasant | 16 | 1200 | / | 0 |
| total: | 16 | 1200g | / | 0w |
| Scout Tower | 102 | 3060 | / | 2040 |
| Arcane Tower | 3 | 210 | / | 150 |
| Guard Tower | 31 | 2170 | / | 1550 |
| Altar of Kings | 1 | 180 | / | 50 |
| Farm | 4 | 320 | / | 80 |
| Lumber Mill | 1 | 120 | / | 0 |
| Town Hall | 2 | 770 | / | 410 |
| Arcane Vault | 2 | 260 | / | 60 |
| Arcane Sanctum | 1 | 150 | / | 140 |
| Keep | 1 | 320 | / | 210 |
| Castle | 1 | 360 | / | 210 |
| total: | 113 | 4860g | / | 2780w |
| 0:01 | Peasant |
| 0:02 | Peasant |
| 0:08 | Altar of Kings |
| 0:18 | Farm |
| 0:20 | Peasant |
| 0:27 | Peasant |
| 0:36 | Peasant |
| 0:48 | Farm |
| 1:03 | Lumber Mill |
| 1:11 | Peasant |
| 1:22 | Scout Tower |
| 1:32 | Peasant |
| 1:37 | Scout Tower |
| 1:39 | Peasant |
| 1:40 | Peasant |
| 1:48 | Arcane Tower |
| 1:50 | Scout Tower |
| 2:01 | Peasant |
| 2:09 | Blizzard |
| 2:11 | Guard Tower |
| 2:17 | Scout Tower |
| 2:21 | Scout Tower |
| 2:29 | Guard Tower |
| 2:43 | Peasant |
| 2:43 | Peasant |
| 2:43 | Peasant |
| 2:59 | Scout Tower |
| 3:00 | Scout Tower |
| 3:01 | Peasant |
| 3:49 | Keep |
| 3:50 | Guard Tower |
| 4:01 | Guard Tower |
| 4:04 | Scout Tower |
| 4:04 | Scout Tower |
| 4:05 | Scout Tower |
| 4:06 | Scout Tower |
| 4:06 | Scout Tower |
| 4:07 | Scout Tower |
| 4:07 | Scout Tower |
| 4:08 | Scout Tower |
| 4:14 | Improved Masonry |
| 4:20 | Farm |
| 4:27 | Farm |
| 4:37 | Arcane Tower |
| 4:41 | Guard Tower |
| 5:41 | Town Hall |
| 5:45 | Scout Tower |
| 5:45 | Scout Tower |
| 5:46 | Scout Tower |
| 5:47 | Scout Tower |
| 5:47 | Scout Tower |
| 5:48 | Scout Tower |
| 5:49 | Scout Tower |
| 5:50 | Scout Tower |
| 6:14 | Arcane Tower |
| 6:14 | Guard Tower |
| 6:17 | Guard Tower |
| 6:42 | Guard Tower |
| 6:51 | Guard Tower |
| 6:58 | Guard Tower |
| 7:04 | Healing Salve |
| 7:50 | Guard Tower |
| 7:50 | Guard Tower |
| 8:00 | Guard Tower |
| 8:01 | Guard Tower |
| 8:25 | Improved Lumber Harvesting |
| 8:33 | Storm Bolt |
| 8:36 | Castle |
| 8:49 | Arcane Vault |
| 8:50 | Arcane Vault |
| 9:15 | Brilliance Aura |
| 9:46 | Peasant |
| 10:00 | Advanced Masonry |
| 10:05 | Guard Tower |
| 10:14 | Scout Tower |
| 10:14 | Scout Tower |
| 10:18 | Scout Tower |
| 10:18 | Scout Tower |
| 10:19 | Scout Tower |
| 10:47 | Guard Tower |
| 11:02 | Scout Tower |
| 11:03 | Scout Tower |
| 11:04 | Scout Tower |
| 11:05 | Scout Tower |
| 11:05 | Scout Tower |
| 11:06 | Scout Tower |
| 11:06 | Scout Tower |
| 11:07 | Scout Tower |
| 11:13 | Guard Tower |
| 11:14 | Guard Tower |
| 11:17 | Scout Tower |
| 11:17 | Scout Tower |
| 11:18 | Scout Tower |
| 11:18 | Scout Tower |
| 12:10 | Guard Tower |
| 12:14 | Scout Tower |
| 12:15 | Scout Tower |
| 12:17 | Scout Tower |
| 12:17 | Scout Tower |
| 12:20 | Guard Tower |
| 12:21 | Scout Tower |
| 12:22 | Scout Tower |
| 12:22 | Scout Tower |
| 12:26 | Arcane Sanctum |
| 12:27 | Imbued Masonry |
| 12:27 | Advanced Lumber Harvesting |
| 12:42 | Holy Light |
| 12:44 | Orb of Lightning |
| 12:46 | Staff of Sanctuary |
| 12:49 | Staff of Sanctuary |
| 12:53 | Tiny Great Hall |
| 13:13 | Guard Tower |
| 13:15 | Bash |
| 14:33 | Guard Tower |
| 15:01 | Guard Tower |
| 15:24 | Boots of Speed |
| 15:24 | Staff of Teleportation |
| 15:24 | Boots of Speed |
| 16:23 | Blizzard |
| 17:13 | Scout Tower |
| 17:13 | Scout Tower |
| 17:13 | Scout Tower |
| 17:14 | Scout Tower |
| 17:14 | Scout Tower |
| 17:24 | Scout Tower |
| 17:24 | Scout Tower |
| 17:24 | Scout Tower |
| 17:25 | Scout Tower |
| 17:25 | Scout Tower |
| 17:25 | Scout Tower |
| 17:26 | Scout Tower |
| 17:26 | Scout Tower |
| 17:26 | Scout Tower |
| 17:51 | Staff of Sanctuary |
| 17:54 | Orb of Lightning |
| 17:58 | Divine Shield |
| 18:00 | Storm Bolt |
| 18:08 | Staff of Teleportation |
| 18:08 | Boots of Speed |
| 18:22 | Guard Tower |
| 18:54 | Guard Tower |
| 18:56 | Peasant |
| 19:12 | Guard Tower |
| 19:13 | Scout Tower |
| 19:14 | Scout Tower |
| 19:14 | Scout Tower |
| 19:15 | Scout Tower |
| 20:02 | Guard Tower |
| 20:03 | Scout Tower |
| 20:03 | Scout Tower |
| 20:04 | Scout Tower |
| 20:04 | Scout Tower |
| 20:05 | Scout Tower |
| 20:05 | Scout Tower |
| 20:06 | Scout Tower |
| 20:06 | Scout Tower |
| 20:06 | Scout Tower |
| 20:06 | Scout Tower |
| 20:06 | Scout Tower |
| 20:06 | Scout Tower |
| 20:06 | Scout Tower |
| 20:35 | Town Hall |
| 21:08 | Holy Light |
| 21:15 | Guard Tower |
| 21:19 | Scout Tower |
| 21:19 | Scout Tower |
| 21:20 | Scout Tower |
| 21:20 | Scout Tower |
| 21:20 | Scout Tower |
| 21:20 | Scout Tower |
| 21:21 | Scout Tower |
| 21:21 | Scout Tower |
| 21:22 | Scout Tower |
| 21:22 | Scout Tower |
| 21:22 | Scout Tower |
| 21:22 | Scout Tower |
| 21:22 | Scout Tower |
| 21:23 | Scout Tower |
| 21:23 | Scout Tower |
| 21:23 | Scout Tower |
| 21:23 | Scout Tower |
| 21:23 | Scout Tower |
| 21:23 | Scout Tower |
| 21:23 | Scout Tower |
| 21:23 | Scout Tower |
| 21:23 | Scout Tower |
| 21:24 | Scout Tower |
| 21:24 | Scout Tower |
| 22:09 | Brilliance Aura |
| 22:31 | Bash |
| Right click | 2346 |
| Select | 781 |
| Select group | 280 |
| Build/train/purchase | 118 |
| Use ability | 89 |
| Minimap ping | 11 |
| Assign group | 10 |
| Misc. action | 7 |
| Item give/drop | 4 |



| Lesser Clarity Potion | 2 | 140 |
| Staff of Sanctuary | 2 | 500 |
| Boots of Speed | 3 | 750 |
| Staff of Teleportation | 3 | 450 |
| Healing Salve | 3 | 300 |
| Orb of Lightning | 3 | 1125 |
| Scroll of Speed | 2 | 100 |
| total: | 18 | 3365g |
| Peasant | 26 | 1950 | / | 0 |
| total: | 26 | 1950g | / | 0w |
| Scout Tower | 51 | 1530 | / | 1020 |
| Arcane Tower | 4 | 280 | / | 200 |
| Guard Tower | 24 | 1680 | / | 1200 |
| Altar of Kings | 1 | 180 | / | 50 |
| Farm | 3 | 240 | / | 60 |
| Lumber Mill | 1 | 120 | / | 0 |
| Town Hall | 3 | 1155 | / | 615 |
| Arcane Vault | 1 | 130 | / | 30 |
| Arcane Sanctum | 1 | 150 | / | 140 |
| Keep | 1 | 320 | / | 210 |
| Castle | 1 | 360 | / | 210 |
| total: | 61 | 3505g | / | 1915w |
| 0:01 | Peasant |
| 0:04 | Altar of Kings |
| 0:07 | Peasant |
| 0:17 | Farm |
| 0:19 | Peasant |
| 0:33 | Lumber Mill |
| 0:33 | Peasant |
| 0:47 | Farm |
| 0:56 | Peasant |
| 0:56 | Peasant |
| 1:17 | Scout Tower |
| 1:19 | Peasant |
| 1:35 | Peasant |
| 1:38 | Scout Tower |
| 1:44 | Arcane Tower |
| 1:47 | Peasant |
| 1:52 | Scout Tower |
| 1:55 | Peasant |
| 2:06 | Siphon Mana |
| 2:18 | Peasant |
| 2:18 | Peasant |
| 2:38 | Guard Tower |
| 2:41 | Scout Tower |
| 2:42 | Scout Tower |
| 2:42 | Scout Tower |
| 3:00 | Peasant |
| 3:00 | Peasant |
| 3:39 | Keep |
| 3:42 | Arcane Tower |
| 3:43 | Guard Tower |
| 4:04 | Guard Tower |
| 4:12 | Banish |
| 4:40 | Town Hall |
| 4:44 | Scout Tower |
| 4:44 | Scout Tower |
| 4:45 | Scout Tower |
| 4:46 | Scout Tower |
| 4:47 | Scout Tower |
| 4:48 | Scout Tower |
| 4:57 | Improved Masonry |
| 4:59 | Scout Tower |
| 5:29 | Guard Tower |
| 5:31 | Scout Tower |
| 5:32 | Scout Tower |
| 5:42 | Arcane Tower |
| 5:43 | Guard Tower |
| 5:56 | Boots of Speed |
| 5:57 | Staff of Teleportation |
| 6:39 | Guard Tower |
| 6:41 | Advanced Masonry |
| 6:41 | Improved Lumber Harvesting |
| 7:11 | Scout Tower |
| 7:13 | Scout Tower |
| 7:15 | Peasant |
| 7:40 | Peasant |
| 7:40 | Peasant |
| 7:48 | Peasant |
| 7:49 | Peasant |
| 7:51 | Guard Tower |
| 7:53 | Scout Tower |
| 8:05 | Storm Bolt |
| 8:11 | Guard Tower |
| 8:15 | Scout Tower |
| 8:17 | Scout Tower |
| 8:18 | Scout Tower |
| 8:29 | Peasant |
| 8:30 | Peasant |
| 8:33 | Guard Tower |
| 8:34 | Scout Tower |
| 9:32 | Guard Tower |
| 9:35 | Scout Tower |
| 9:35 | Scout Tower |
| 9:39 | Siphon Mana |
| 9:41 | Guard Tower |
| 9:45 | Scout Tower |
| 9:45 | Scout Tower |
| 9:55 | Castle |
| 9:59 | Peasant |
| 10:20 | Farm |
| 10:21 | Scout Tower |
| 10:40 | Bash |
| 10:49 | Guard Tower |
| 10:51 | Scout Tower |
| 10:56 | Peasant |
| 10:58 | Arcane Sanctum |
| 11:04 | Healing Salve |
| 11:05 | Orb of Lightning |
| 11:07 | Lesser Clarity Potion |
| 11:07 | Scroll of Speed |
| 12:10 | Guard Tower |
| 12:12 | Arcane Vault |
| 12:14 | Scout Tower |
| 12:15 | Scout Tower |
| 12:16 | Scout Tower |
| 12:17 | Guard Tower |
| 12:19 | Scout Tower |
| 12:22 | Scout Tower |
| 12:24 | Arcane Tower |
| 12:32 | Magic Sentry |
| 12:50 | Boots of Speed |
| 12:51 | Staff of Teleportation |
| 13:20 | Guard Tower |
| 13:21 | Scout Tower |
| 13:26 | Imbued Masonry |
| 13:26 | Advanced Lumber Harvesting |
| 13:28 | Holy Light |
| 13:29 | Orb of Lightning |
| 13:32 | Staff of Sanctuary |
| 13:48 | Guard Tower |
| 13:51 | Scout Tower |
| 14:38 | Guard Tower |
| 15:24 | Scout Tower |
| 15:36 | Guard Tower |
| 15:44 | Healing Salve |
| 15:47 | Orb of Lightning |
| 15:50 | Staff of Sanctuary |
| 15:57 | Healing Salve |
| 15:57 | Lesser Clarity Potion |
| 15:57 | Scroll of Speed |
| 16:01 | Guard Tower |
| 16:03 | Scout Tower |
| 17:02 | Guard Tower |
| 17:03 | Scout Tower |
| 17:04 | Scout Tower |
| 17:35 | Peasant |
| 17:36 | Scout Tower |
| 17:55 | Banish |
| 18:01 | Peasant |
| 18:01 | Peasant |
| 18:04 | Scout Tower |
| 18:04 | Scout Tower |
| 18:05 | Guard Tower |
| 18:43 | Scout Tower |
| 18:44 | Scout Tower |
| 18:45 | Guard Tower |
| 18:48 | Scout Tower |
| 18:48 | Scout Tower |
| 18:49 | Scout Tower |
| 18:49 | Scout Tower |
| 19:05 | Scout Tower |
| 19:06 | Scout Tower |
| 19:07 | Scout Tower |
| 19:18 | Boots of Speed |
| 19:18 | Staff of Teleportation |
| 19:42 | Divine Shield |
| 19:57 | Storm Bolt |
| 20:14 | Guard Tower |
| 20:17 | Town Hall |
| 21:18 | Guard Tower |
| 22:18 | Town Hall |
| 22:36 | Holy Light |
| Right click | 1430 |
| Select group | 869 |
| Assign group | 323 |
| Select | 306 |
| Build/train/purchase | 125 |
| Use ability | 101 |
| Misc. action | 35 |
| Item give/drop | 6 |
| Minimap ping | 1 |
130 units @ 19k
/ 2.4k
50 buildings @ 6.9k
/ 2.2k


| Potion of Mana | 2 | 400 |
| Healing Salve | 1 | 100 |
| total: | 3 | 500g |
| Peon | 10 | 750 | / | 0 |
| Grunt | 4 | 800 | / | 0 |
| Wind Rider | 5 | 1325 | / | 200 |
| Shaman | 5 | 650 | / | 100 |
| Demolisher | 11 | 2420 | / | 550 |
| Kodo Beast | 2 | 510 | / | 120 |
| total: | 37 | 6455g | / | 970w |
| Altar of Storms | 1 | 180 | / | 50 |
| Orc Burrow | 6 | 960 | / | 240 |
| Barracks | 1 | 180 | / | 50 |
| Voodoo Lounge | 1 | 130 | / | 30 |
| War Mill | 1 | 205 | / | 0 |
| Great Hall | 1 | 385 | / | 185 |
| Beastiary | 1 | 145 | / | 140 |
| Spirit Lodge | 1 | 150 | / | 150 |
| Stronghold | 1 | 315 | / | 190 |
| Fortress | 1 | 325 | / | 190 |
| total: | 13 | 2335g | / | 845w |
| 0:05 | Altar of Storms |
| 0:06 | Peon |
| 0:22 | Peon |
| 0:24 | Orc Burrow |
| 0:34 | Peon |
| 0:39 | Barracks |
| 0:46 | Peon |
| 1:07 | Peon |
| 1:27 | Peon |
| 1:41 | Grunt |
| 1:47 | Orc Burrow |
| 1:50 | Peon |
| 2:09 | Grunt |
| 2:20 | Healing Wave |
| 2:30 | Voodoo Lounge |
| 3:35 | Stronghold |
| 3:38 | Orc Burrow |
| 3:41 | Grunt |
| 4:04 | Grunt |
| 4:20 | War Mill |
| 5:04 | Orc Burrow |
| 5:40 | Serpent Ward |
| 5:45 | Steel Ranged Weapons |
| 6:01 | Pillage |
| 6:05 | Beastiary |
| 6:12 | Spirit Lodge |
| 6:58 | Peon |
| 7:44 | Berserker Strength |
| 7:49 | Wind Rider |
| 7:50 | Wind Rider |
| 7:53 | Shaman Adept Training |
| 7:54 | Shaman |
| 8:05 | Potion of Mana |
| 8:06 | Potion of Mana |
| 8:06 | Healing Salve |
| 8:21 | Fortress |
| 8:50 | Hex |
| 9:39 | Thorium Ranged Weapons |
| 10:15 | Demolisher |
| 10:17 | Demolisher |
| 10:57 | Feral Spirit |
| 11:03 | Burning Oil |
| 11:04 | Demolisher |
| 11:40 | Demolisher |
| 11:43 | War Drums Damage Increase |
| 11:43 | Kodo Beast |
| 11:59 | Shaman Master Training |
| 12:00 | Shaman |
| 12:20 | Arcanite Ranged Weapons |
| 12:27 | Orc Burrow |
| 12:34 | Peon |
| 12:35 | Peon |
| 12:41 | Orc Burrow |
| 13:47 | Steel Armor |
| 13:51 | Troll Regeneration |
| 13:53 | Shaman |
| 13:57 | Kodo Beast |
| 15:24 | Demolisher |
| 15:24 | Demolisher |
| 15:38 | Demolisher |
| 17:23 | Demolisher |
| 17:24 | Demolisher |
| 17:33 | Great Hall |
| 18:26 | Serpent Ward |
| 19:18 | Wind Rider |
| 19:19 | Wind Rider |
| 19:19 | Wind Rider |
| 19:51 | Berserker Upgrade |
| 20:11 | Shaman |
| 21:33 | Shaman |
| 21:55 | Demolisher |
| 21:55 | Demolisher |
| 22:29 | Chain Lighting |
| Right click | 1390 |
| Select group | 335 |
| Select | 189 |
| Build/train/purchase | 65 |
| Assign group | 27 |
| Use ability | 26 |
| Misc. action | 12 |
| Minimap ping | 4 |

| Peasant | 16 | 1200 | / | 0 |
| Rifleman | 23 | 4715 | / | 690 |
| Priest | 7 | 945 | / | 70 |
| total: | 46 | 6860g | / | 760w |
| Scout Tower | 2 | 60 | / | 40 |
| Arcane Tower | 2 | 140 | / | 100 |
| Blacksmith | 1 | 140 | / | 60 |
| Barracks | 1 | 160 | / | 60 |
| Farm | 17 | 1360 | / | 340 |
| Altar of Kings | 1 | 180 | / | 50 |
| Lumber Mill | 1 | 120 | / | 0 |
| Town Hall | 1 | 385 | / | 205 |
| Arcane Sanctum | 1 | 150 | / | 140 |
| Keep | 1 | 320 | / | 210 |
| total: | 25 | 2555g | / | 895w |
| 0:04 | Peasant |
| 0:05 | Peasant |
| 0:05 | Peasant |
| 0:05 | Peasant |
| 0:19 | Blacksmith |
| 0:23 | Barracks |
| 0:50 | Farm |
| 0:57 | Peasant |
| 1:09 | Altar of Kings |
| 1:17 | Peasant |
| 1:38 | Rifleman |
| 1:52 | Farm |
| 2:06 | Rifleman |
| 2:22 | Peasant |
| 2:38 | Farm |
| 3:27 | Holy Light |
| 3:41 | Rifleman |
| 3:41 | Rifleman |
| 4:05 | Peasant |
| 4:16 | Peasant |
| 4:40 | Farm |
| 4:42 | Farm |
| 4:45 | Rifleman |
| 5:08 | Farm |
| 5:12 | Scout Tower |
| 5:44 | Arcane Tower |
| 5:46 | Peasant |
| 5:47 | Peasant |
| 5:49 | Rifleman |
| 5:50 | Black Gunpowder |
| 6:02 | Farm |
| 6:27 | Rifleman |
| 6:44 | Farm |
| 6:54 | Rifleman |
| 7:23 | Peasant |
| 7:23 | Peasant |
| 7:46 | Rifleman |
| 7:48 | Studded Leather Armor |
| 7:58 | Farm |
| 8:08 | Rifleman |
| 8:17 | Devotion Aura |
| 8:39 | Scout Tower |
| 8:41 | Keep |
| 9:00 | Rifleman |
| 9:10 | Arcane Tower |
| 9:29 | Rifleman |
| 9:38 | Farm |
| 9:47 | Holy Light |
| 10:23 | Farm |
| 10:23 | Farm |
| 11:16 | Rifleman |
| 11:16 | Long Rifles |
| 11:18 | Rifleman |
| 11:40 | Farm |
| 11:41 | Farm |
| 11:42 | Farm |
| 12:00 | Peasant |
| 12:00 | Peasant |
| 12:24 | Arcane Sanctum |
| 12:47 | Lumber Mill |
| 13:28 | Farm |
| 13:38 | Peasant |
| 13:47 | Town Hall |
| 14:11 | Farm |
| 14:14 | Priest |
| 14:15 | Priest Adept Training |
| 14:54 | Rifleman |
| 14:56 | Priest |
| 16:02 | Rifleman |
| 16:03 | Priest |
| 16:06 | Divine Shield |
| 16:43 | Rifleman |
| 17:25 | Rifleman |
| 17:41 | Rifleman |
| 18:06 | Priest |
| 18:57 | Rifleman |
| 18:59 | Priest |
| 20:16 | Rifleman |
| 20:17 | Priest |
| 21:19 | Rifleman |
| 21:19 | Rifleman |
| 21:20 | Priest |
| Right click | 1018 |
| Select | 282 |
| Build/train/purchase | 83 |
| Select group | 58 |
| Assign group | 22 |
| Use ability | 12 |
| Misc. action | 2 |
| Remove unit | 1 |


| Healing Salve | 1 | 100 |
| Tiny Great Hall | 1 | 600 |
| total: | 2 | 700g |
| Peon | 18 | 1350 | / | 0 |
| Troll Headhunter | 11 | 1540 | / | 220 |
| Demolisher | 4 | 880 | / | 200 |
| Troll Berserker | 14 | 1960 | / | 280 |
| total: | 47 | 5730g | / | 700w |
| Altar of Storms | 1 | 180 | / | 50 |
| Orc Burrow | 8 | 1280 | / | 320 |
| War Mill | 1 | 205 | / | 0 |
| Barracks | 1 | 180 | / | 50 |
| Voodoo Lounge | 1 | 130 | / | 30 |
| Stronghold | 1 | 315 | / | 190 |
| Fortress | 1 | 325 | / | 190 |
| total: | 12 | 1975g | / | 450w |
| 0:05 | Altar of Storms |
| 0:09 | Orc Burrow |
| 0:12 | Peon |
| 0:12 | Peon |
| 0:59 | War Mill |
| 1:04 | Peon |
| 1:04 | Peon |
| 1:42 | Barracks |
| 1:47 | Orc Burrow |
| 2:09 | Endurance Aura |
| 2:55 | Troll Headhunter |
| 2:55 | Troll Headhunter |
| 2:55 | Troll Headhunter |
| 4:07 | Voodoo Lounge |
| 4:11 | Peon |
| 4:12 | Peon |
| 4:42 | Troll Headhunter |
| 4:42 | Troll Headhunter |
| 4:52 | Stronghold |
| 5:13 | Healing Salve |
| 5:56 | Troll Headhunter |
| 5:57 | Steel Ranged Weapons |
| 7:36 | War Stomp |
| 7:43 | Troll Regeneration |
| 7:43 | Troll Headhunter |
| 7:43 | Troll Headhunter |
| 7:51 | Orc Burrow |
| 7:51 | Orc Burrow |
| 9:07 | Endurance Aura |
| 9:33 | Troll Headhunter |
| 9:33 | Troll Headhunter |
| 9:33 | Troll Headhunter |
| 10:30 | Fortress |
| 10:54 | Demolisher |
| 10:54 | Demolisher |
| 10:54 | Demolisher |
| 10:54 | Demolisher |
| 11:03 | Orc Burrow |
| 11:04 | Orc Burrow |
| 12:51 | Tiny Great Hall |
| 13:34 | Orc Burrow |
| 13:34 | Orc Burrow |
| 13:44 | Peon |
| 13:44 | Peon |
| 13:44 | Peon |
| 13:45 | Peon |
| 13:45 | Peon |
| 14:04 | Burning Oil |
| 14:34 | Healing Wave |
| 14:45 | Berserker Upgrade |
| 17:49 | Thorium Ranged Weapons |
| 17:50 | Steel Armor |
| 18:05 | Troll Berserker |
| 18:05 | Troll Berserker |
| 18:05 | Troll Berserker |
| 18:05 | Troll Berserker |
| 18:06 | Troll Berserker |
| 18:06 | Troll Berserker |
| 18:06 | Troll Berserker |
| 19:11 | Arcanite Ranged Weapons |
| 19:11 | Spiked Barricades |
| 19:13 | Pillage |
| 19:13 | Backpack |
| 20:58 | Troll Berserker |
| 20:58 | Troll Berserker |
| 20:59 | Troll Berserker |
| 20:59 | Troll Berserker |
| 20:59 | Troll Berserker |
| 20:59 | Troll Berserker |
| 20:59 | Troll Berserker |
| 21:19 | Peon |
| 21:19 | Peon |
| 21:19 | Peon |
| 21:19 | Peon |
| 21:19 | Peon |
| 21:20 | Peon |
| 21:20 | Peon |
| Right click | 1363 |
| Select | 185 |
| Build/train/purchase | 90 |
| Select group | 57 |
| Assign group | 14 |
| Use ability | 14 |
| Resource trade | 5 |
| Misc. action | 3 |
| Minimap ping | 1 |
โ